Unix NetHack Version 3.7.0-58 Work-in-progress - last build May 9 2022 01:57:28 (68cf6e19034123fb635188453c0de67a0aba65fd,branch:master). Game began 2022-05-13 08:36:55, ended 2022-05-13 08:43:46. Arasaka, neutral female gnomish Healer ---- --.>----- --....:..------ -- |......................- --@......--------- | ----........----------- --- |.......*....d........................| - ---........--- -------- - --......<....- --........).- -............ .................. ....--.|..............| -..... ----...........--- ...... --....---.--- ........ ...-- -- |..%.0..- ...| --.. --- -..| |. --- -- Arasaka the Rhizotomist St:10 Dx:10 Co:15 In:8 Wi:15 Ch:17 Neutral Dlvl:4 $:2216 HP:0(13) Pw:7(7) AC:8 Xp:1/1 T:1113 Latest messages: What do you want to write with? [- agmnqv or ?*] A lit field surrounds you! Do you want to add to the current engraving? [ynq] (y) Never mind. w - a food ration. A trap door in the ceiling opens and a rock falls on your head! You hear the wailing of the Banshee... You feel weak. In what direction? You feel better. You see here a large box. x - 2 eggs. y - 2 black gems. z - a red gem. What do you want to eat? [kwx or ?*] Blecch! Rotten food! You finish eating the food ration. You swap places with the peaceful gnome. You hear some noises in the distance. You see here a yellowish brown gem. A - a yellowish brown gem. You stop. Korone is in the way! There is nothing here to pick up. You swap places with Korone. You see here 2 yellowish brown gems. A - 2 yellowish brown gems. You see here a thonged club. B - a thonged club. What do you want to drop? [$a-gk-oquvx-zAB or ?*] You drop a thonged club. You see here a thonged club. B - a thonged club. What do you want to adjust? [a-gk-oquvx-zAB or ?*] Adjust letter to what [h-jpr-twB-Z] (? see used letters)? Moving: t - a thonged club. Where do you want to travel to? (For instructions type a '?') You descend the stairs. Korone misses the jackal. Korone bites the jackal. The jackal is killed! Korone bites the hobbit. The hobbit is killed! There are several objects here. A trap door in the ceiling opens and a rock falls on your head! C - a white gem. You descend the stairs. You climb up the stairs. You are caught in a magical explosion! You die... Major events: Turn 1: Arasaka the neutral female gnomish Healer entered the dungeon 748: entered the Gnomish Mines 1113: killed by a magical explosion Inventory: Coins ('$') $ - 2216 gold pieces Weapons (')') a - an uncursed +0 scalpel (weapon in hand) t - an uncursed +0 aklys Armor ('[') b - an uncursed +1 pair of leather gloves (being worn) Comestibles ('%') k - 2 uncursed apples x - 2 uncursed eggs Scrolls ('?') l - a blessed scroll of enchant armor Spellbooks ('+') u - an uncursed spellbook of detect food Potions ('!') f - 4 uncursed potions of extra healing o - an uncursed potion of extra healing e - a blessed potion of healing d - 2 uncursed potions of healing Wands ('/') v - an uncursed wand of light (0:10) m - an uncursed wand of nothing (0:10) g - an uncursed wand of sleep (0:8) Tools ('(') c - an uncursed stethoscope q - an uncursed towel Gems/Stones ('*') C - a cursed opal y - 2 uncursed worthless pieces of black glass z - an uncursed worthless piece of red glass n - an uncursed worthless piece of violet glass A - 3 uncursed worthless pieces of yellowish brown glass Arasaka the Healer's attributes: Background: You were a Rhizotomist, a level 1 female gnomish Healer. You were neutral, nominally on a mission for Hermes who was opposed by Athena (lawful) and Poseidon (chaotic). You were in the Gnomish Mines, on level 4. You entered the dungeon 1113 turns ago. Bad things happened on Friday the 13th. You had 1 experience point, 19 more were needed to attain level 2. Basics: You had 0 out of 13 hit points. You had all 7 energy points (spell power). Your armor class was 8. Your wallet contained 2216 zorkmids. Autopickup was on for '$"?' plus thrown, with exceptions. Final Characteristics: Your strength was 10 (limit:18/50). Your dexterity was 10 (limit:18). Your constitution was 15 (limit:18). Your intelligence was 8 (limit:19). Your wisdom was 15 (limit:18). Your charisma was 17 (limit:18). Final Status: You were not hungry. You were unencumbered. You were wielding a knife. You had basic skill with knife. Final Attributes: You were fervently aligned. You were poison resistant. You had infravision. You were unlucky. You are dead. Miscellaneous: You disabled loading of bones levels. Total elapsed playing time was 6 minutes and 51 seconds. Vanquished creatures: a dwarf 4 hobbits 2 giant rats 2 gnomes a gnome zombie 2 geckos 2 jackals 6 grid bugs 3 lichens 4 newts 27 creatures vanquished. No species were genocided or became extinct. Voluntary challenges: You followed a strict vegan diet. You were an atheist. You read items or engraved 7 times. You engraved Elbereth 2 times. You never genocided any monsters. You never polymorphed an object. You never changed form. You used no wishes. Achievements: You entered a shop. You entered the Gnomish Mines. The Dungeons of Doom: levels 1 to 3 Level 1: A fountain. Level 2: "BOOKS" A general store. Stairs down to The Gnomish Mines. Level 3: The Gnomish Mines: levels 3 to 5 Level 3: Level 4: <- You were here. Final resting place for you, killed by a magical explosion. Level 5: Game over: ---------- / \ / REST \ / IN \ / PEACE \ / \ | Arasaka | | 2216 Au | | killed by a | | magical | | explosion | | | | 2022 | *| * * * | * _________)/\\_//(\/(/\)/\//\/|_)_______ Goodbye Arasaka the Healer... You died in The Gnomish Mines on dungeon level 4 with 523 points, and 2216 pieces of gold, after 1113 moves. You were level 1 with a maximum of 13 hit points when you died.